 Dungeon Crawl Stone Soup version 0.25-a0-464-g3004169c2b (webtiles) character file.

Game seed: 3806141913405131305, levelgen mode: deterministic

17621 DunjonMagick the Nimble (level 12, -1/78 HPs)
             Began as an Octopode Fighter on Feb 5, 2020.
             Was a High Priest of Hepliaklqana.
             Slain by an unseen horror (3 damage)
             ... on level 13 of the Dungeon.
             The game lasted 00:30:34 (11571 turns).

DunjonMagick the Nimble (Octopode Fighter)         Turns: 11571, Time: 00:30:35

Health: -1/78      AC:  3    Str: 19    XL:     12   Next: 49%
Magic:  17/17      EV: 28    Int: 13    God:    Hepliaklqana [*****.]
Gold:   306        SH: 17    Dex: 17    Spells: 11/11 levels left

rFire    . . .     SeeInvis .   a - +1 trident
rCold    . . .     Gourm    .   b - +1 shield
rNeg     . . .     Faith    .   B - +2 hat
rPois    +         Spirit   .   w - +5 amulet of reflection
rElec    .         Reflect  +   e - +6 ring of slaying
rCorr    +         Harm     .   y - ring of resist corrosion
MR       .....                  A - +2 ring of strength
Stlth    +++++.....             M - +3 ring of slaying
HPRegen  0.23/turn              O - +3 ring of evasion
MPRegen  0.15/turn              G - ring of poison resistance
                                P - ring of stealth
                                (no ring)

@: agile, very slightly contaminated, invisible
A: almost no armour, stealthy swim, amphibious, 8 rings, constrict 8, reduced
essence, camouflage 1, gelatinous body 1
a: Recall Ancestor, Ancestor Identity, Transference, Idealise, Renounce Religion


You were on level 13 of the Dungeon.
You worshipped Hepliaklqana.
Hepliaklqana was extremely pleased with you.
You were not hungry.

You visited 1 branch of the dungeon, and saw 13 of its levels.

You collected 774 gold pieces.
You spent 468 gold pieces at shops.

Inventory:

Hand Weapons
 a - a +1 trident (weapon)
Missiles
 n - 50 poisoned darts (quivered)
 x - 3 boomerangs of dispersal
 J - 7 silver javelins
Armour
 b - a +1 shield (worn)
 B - a +2 hat (worn)
Jewellery
 e - a +6 ring of slaying (left tentacle)
 u - an uncursed amulet of regeneration
 w - a +5 amulet of reflection (around mantle)
 y - a ring of resist corrosion (right tentacle)
 A - a +2 ring of strength (on tentacle)
 G - a ring of poison resistance (on tentacle)
 M - a +3 ring of slaying (on tentacle)
 N - an uncursed ring of fire
 O - a +3 ring of evasion (on tentacle)
 P - a ring of stealth (on tentacle)
Wands
 m - a wand of paralysis (7)
 t - a wand of flame (15)
 C - a wand of acid (4)
 E - a wand of iceblast (15)
 I - a wand of polymorph (5)
 K - a wand of digging (4)
Scrolls
 g - 4 scrolls of remove curse
 h - 5 scrolls of teleportation
 i - 2 scrolls of amnesia
 k - 12 scrolls of identify
 l - 2 scrolls of enchant armour
 p - 3 scrolls of fog
 v - 2 scrolls of immolation
 D - a scroll of enchant weapon
Potions
 c - a potion of might
 f - a potion of haste {unknown}
 r - 3 potions of lignification
 z - 3 potions of flight
 H - a potion of mutation
Comestibles
 d - 18 rations
 o - 4 chunks of flesh


   Skills:
 - Level 9.8 Fighting
 - Level 10.5 Polearms
 + Level 11.7 Dodging
 - Level 6.9 Shields
 - Level 7.8 Invocations


You had 11 spell levels left.
You didn't know any spells.
Your spell library contained the following spells:

 Spells                   Type           Power        Failure   Level  Hunger
 Beastly Appendage        Tmut           #.....       65%         1    ##.....
 Call Imp                 Summ           #.......     78%         2    ###....
 Ensorcelled Hibernation  Hex/Ice        #.....       78%         2    ###....
 Slow                     Hex            #.......     78%         2    ###....
 Sticks to Snakes         Tmut           #.......     78%         2    ###....
 Swiftness                Chrm/Air       #.......     78%         2    ###....
 Spider Form              Tmut/Pois      #.........   95%         3    ####...
 Ice Form                 Ice/Tmut       #.......     100%        4    #####..
 Blade Hands              Tmut           #.........   100%        5    ######.


Dungeon Overview and Level Annotations

Branches:
Dungeon (13/15)            Temple (0/1) D:7            Lair (0/6) D:11
    Orc (0/2) D:12         Vaults (0/5) D:13

Altars:
Hepliaklqana

Shops:
D:5 [   D:7 [}*%   D:10 *


Innate Abilities, Weirdness & Mutations

You cannot wear most types of armour.
You are very stealthy in the water. (Stealth+)
You are amphibious.
You can wear up to eight rings at the same time.
You can use your tentacles to constrict eight enemies at once.
Your skin changes colour to match your surroundings (Stealth+).
Your rubbery body absorbs attacks. (AC +1, EV +1)
Your life essence is reduced to manifest your ancestor. (-10% HP)


Message History

You barely miss something.
The centaur shouts!
You squeeze something! You block something's attack. Something hits you!
* * * LOW HITPOINT WARNING * * *
The centaur wields a +0 shortbow.
The centaur shoots an arrow.
You reflect the arrow off an invisible shield around you!
The arrow hits the centaur.
Donkey hits something with a +0 flail.
You fade into invisibility!
Something closely misses you.
The centaur shoots an arrow.
The arrow hits you!
* * * LOW HITPOINT WARNING * * *
You are very lightly contaminated with residual magic.
Okay, then.
Okay, then.
Unknown command.
Okay, then.
You feel agile all of a sudden.
The centaur shoots an arrow.
You reflect the arrow off an invisible shield around you!
The arrow hits the centaur!
Something hits you.
You die...

##.........#####....#####
#...........#[#...c.....#
..<(....................#
.#...)..................#
.#...).....#####........#
.####(###### #........# ##
#...# ##'####### # ###.##
#..# # #.(# #@## ####'####
##'######### #
##.......###.....$....#
####..(..........R.......#
##...#..#..#..#..........#
(...#..#..#..#..#........#
##....#..#..#..#.........#
##...#..#..#..#..........#
###.#..#..#..#..#..!.....#


You could see the friendly donkey the knight and a centaur.

Vanquished Creatures
  A dancing weapon (D:13)
  Urug (D:11)
  A wolf spider zombie (D:13)
  4 manticores (D:11)
  The ghost of Nattfarinn the Sneak, a novice GrAs of Uskayaw (D:6)
  Joseph (D:10)
  Maggie (D:7)
  A centaur skeleton (D:12)
  A komodo dragon (D:11)
  A troll (D:12)
  Prince Ribbit (D:7)
  A wind drake (shapeshifter) (D:11)
  2 hippogriffs
  A spriggan (D:8)
  14 yaks
  A wraith (D:7)
  A wyvern (D:11)
  2 hungry ghosts
  Menkaure (D:7)
  A water moccasin (D:7)
  4 orc warriors
  2 black bears
  3 sky beasts
  2 ice beasts
  2 phantoms
  5 ogres
  4 centaurs
  A big kobold (D:7)
  9 bullfrogs
  2 scorpions
  4 killer bees (D:8)
  4 wights (D:9)
  A howler monkey (D:10)
  4 crimson imps
  3 bullfrog zombies
  2 hounds
  3 quasits
  Crazy Yiuf (D:3)
  2 orc priests
  3 orc wizards
  4 worker ants
  A killer bee zombie (D:7)
  3 hound skeletons
  A howler monkey skeleton (D:9)
  14 adders
  3 gnolls (D:2)
  2 shadow imps (D:7)
  3 white imps (D:6)
  A worker ant simulacrum (D:6)
  A worm (D:2)
  A dart slug (D:1)
  6 leopard geckos
  23 orcs
  A ball python (D:2)
  6 giant cockroaches
  8 hobgoblins
  10 kobolds
  A quokka (D:3)
  14 bats
  4 frilled lizards
  A giant cockroach zombie (D:5)
  8 goblins
  A leopard gecko zombie (D:5)
  A quokka zombie (D:8)
  11 rats
  A fungus (D:3)
229 creatures vanquished.

Vanquished Creatures (collateral kills)
  A two-headed ogre (D:13)
  A dancing weapon (D:13)
  3 unseen horrors
  A centaur zombie (D:11)
  2 hippogriffs
  A shadow (D:12)
  A wyvern (D:11)
  2 yaks
  A hungry ghost (D:12)
  2 ice beasts
  An orc warrior (D:11)
  An ogre (D:6)
  A big kobold (D:12)
  A wyvern skeleton (D:10)
  A scorpion (D:10)
  2 killer bees (D:8)
  A wight (D:9)
  A jelly (D:13)
  A hound (D:11)
  A bullfrog skeleton (D:6)
  A killer bee simulacrum (D:6)
  A white imp (D:6)
  An ooze (D:5)
  3 orcs
  A bat (D:7)
  A giant cockroach (D:7)
  3 kobolds
37 creatures vanquished.

Vanquished Creatures (others)
  A centaur (D:10)
  6 knights
  An ancestor (D:4)
  A kobold (D:12)
  25 plants (D:11)
  6 toadstools (D:2)
40 creatures vanquished.

Grand Total: 306 creatures vanquished

Notes
Turn   | Place    | Note
-------+----------+-------------------------------------------
     0 | D:1      | DunjonMagick the Octopode Fighter began the quest for the
                  | Orb.
     0 | D:1      | Reached XP level 1. HP: 16/16 MP: 1/1
   161 | D:1      | Reached XP level 2. HP: 21/21 MP: 2/2
   421 | D:1      | Reached XP level 3. HP: 26/26 MP: 3/3
   962 | D:2      | Found a faded altar of an unknown god.
  1137 | D:2      | Reached XP level 4. HP: 16/31 MP: 4/4
  1324 | D:2      | You fall into a shaft and drop 1 floor!
  1567 | D:3      | Found a hazy altar of Hepliaklqana.
  1620 | D:3      | Became a worshipper of Hepliaklqana the Forgotten
  1670 | D:3      | Reached skill level 4 in Dodging
  1670 | D:3      | Reached XP level 5. HP: 32/32 MP: 5/5
  2621 | D:3      | Found a runed translucent door.
  2622 | D:3      | Noticed Crazy Yiuf
  2628 | D:3      | Killed Crazy Yiuf
  3012 | D:4      | Noticed an ogre
  3013 | D:4      | Reached * piety under Hepliaklqana
  3013 | D:4      | Noticed an ogre
  3045 | D:4      | Killed an ogre
  3045 | D:4      | Reached skill level 5 in Dodging
  3045 | D:4      | Reached XP level 6. HP: 23/37 MP: 6/6
  4139 | D:5      | Entered Level 5 of the Dungeon
  4145 | D:5      | Noticed a black bear
  4150 | D:5      | Killed a black bear
  4150 | D:5      | Reached skill level 5 in Shields
  4150 | D:5      | Reached XP level 7. HP: 40/41 MP: 7/7
  4324 | D:5      | Reached ** piety under Hepliaklqana
  4325 | D:5      | Remembered your ancestor donkey as a knight
  4329 | D:5      | Found Vemieg's Armour Boutique.
  4337 | D:5      | Bought a +2 hat for 208 gold pieces
  4501 | D:6      | Found a runed translucent gate.
  4507 | D:6      | Found a runed translucent gate.
  4509 | D:6      | Found a runed translucent gate.
  4579 | D:6      | Reached skill level 5 in Polearms
  4644 | D:6      | Reached XP level 8. HP: 36/46 MP: 8/8
  4885 | D:6      | Noticed Nattfarinn's ghost (novice GrAs)
  5251 | D:7      | Found Jyumnuos's Gadget Emporium.
  5251 | D:7      | Found a staircase to the Ecumenical Temple.
  5342 | D:7      | Noticed a wraith
  5348 | D:7      | Killed a wraith
  5348 | D:7      | Reached XP level 9. HP: 41/50 MP: 9/9
  5411 | D:7      | Found Witecsue's Food Shoppe.
  5446 | D:7      | Found Vaelor Paes's Serpentskin Sales.
  5767 | D:7      | Noticed Maggie
  5767 | D:7      | Noticed Prince Ribbit
  5784 | D:7      | Killed Prince Ribbit
  5784 | D:7      | Reached skill level 5 in Fighting
  5792 | D:7      | Killed Maggie
  6084 | D:7      | Noticed Menkaure
  6092 | D:7      | Killed Menkaure
  6366 | D:7      | Found Bajok's Antique Armour Shop.
  6872 | D:8      | Reached XP level 10. HP: 55/64 MP: 10/10
  7050 | D:8      | Reached skill level 6 in Dodging
  7090 | D:8      | Reached *** piety under Hepliaklqana
  7759 | D:9      | Reached skill level 7 in Dodging
  7889 | D:9      | Reached skill level 8 in Dodging
  8288 | D:6      | Killed Nattfarinn's ghost
  8382 | D:10     | Entered Level 10 of the Dungeon
  8402 | D:10     | Reached skill level 1 in Invocations
  8441 | D:10     | Killed an unseen horror
  8441 | D:10     | Reached XP level 11. HP: 40/69 MP: 11/14
  8657 | D:10     | Noticed Joseph
  8666 | D:10     | Killed Joseph
  8666 | D:10     | Reached skill level 10 in Polearms
  8798 | D:10     | Reached **** piety under Hepliaklqana
  8800 | D:10     | Found Fairchud's Fabulous Fripperies.
  8909 | D:7      | Bought an uncursed ring of poison resistance for 260 gold
                  | pieces
  9005 | D:11     | Noticed Urug
  9026 | D:11     | Noticed a manticore
  9030 | D:11     | Killed Urug
  9030 | D:11     | Reached skill level 5 in Invocations
  9034 | D:11     | Killed a manticore
  9349 | D:11     | Noticed a manticore
  9360 | D:11     | Killed a manticore
  9381 | D:11     | Found a staircase to the Lair.
  9438 | D:11     | Noticed a manticore
  9449 | D:11     | Killed a manticore
 10121 | D:11     | Noticed a manticore
 10130 | D:11     | Killed a manticore
 10130 | D:11     | Reached skill level 9 in Dodging
 10398 | D:11     | Reached XP level 12. HP: 78/78 MP: 17/17
 10733 | D:12     | Identified An Early Guide to Wizardry
 10911 | D:12     | Reached skill level 10 in Dodging
 11052 | D:12     | Found a staircase to the Orcish Mines.
 11304 | D:13     | Reached ***** piety under Hepliaklqana
 11400 | D:13     | Reached skill level 11 in Dodging
 11419 | D:13     | Noticed a two-headed ogre
 11492 | D:13     | Killed a two-headed ogre
 11539 | D:13     | Found a gate to the Vaults.
 11570 | D:13     | HP: 1/78 [centaur/arrow (12)]
 11571 | D:13     | Slain by an unseen horror

Levels and vault maps discovered:
D:1:      ncdulo_lavacross, layout_basic, minmay_misc_feat_five
D:2:      layout_basic, first_ration, chequers_ecumenical_altar_island,
          chequers_big_river, minmay_gold_behind_fungi
D:3:      layout_basic, old_standard_altar, uniq_crazy_yiuf_cottage
D:4:      cheibrodos_quashed, layout_loops_ring
D:5:      layout_rooms, serial_shops, nicolae_shop_stone
D:6:      layout_loops_ring, gammafunk_ghost_icy
D:7:      layout_rooms, minmay_temple_entry_glass, serial_shops,
          nicolae_shop_overgrown_old_shop, nicolae_shop_crystal,
          nicolae_shop_stone, roderic_batcave, guppyfry_shop_venom, uniq_maggie,
          uniq_menkaure, uniq_prince_ribbit1
D:8:      layout_gridville, grunt_pizzeria
D:9:      layout_rooms, kennysheep_generic_room_15
D:10:     layout_long_grid, gammafunk_ghost_spectres, nicolae_alphabet_shops,
          uniq_joseph
D:11:     layout_small_grid, david_lair_shrubbed, uniq_urug
D:12:     layout_loops_ring, orc_0_dummy
D:13:     layout_roguey, erik_vaults_1, enter_bailey_6, serial_shops,
          kennysheep_mini_moat, minmay_misc_feat_diagonals

Skill      XL: |  1  2  3  4  5  6  7  8  9 10 11 12 |
---------------+-------------------------------------+-----
Polearms       | 3 6 9 10 | 10.5
Dodging        | 4 5 8 9 11 | 11.7
Shields        | 4 5 6 |  6.9
Fighting       | 8 9 |  9.8
Invocations    | 4 7 |  7.8

Action                   |  1- 3 |  4- 6 |  7- 9 | 10-12 || total
-------------------------+-------+-------+-------+-------++-------
Melee: Trident           |    64 |    69 |   165 |   339 ||   637
       Constrict         |    13 |    11 |    32 |    31 ||    87
       Tentacles         |     6 |     6 |    33 |    58 ||   103
Throw: Dart              |       |     3 |       |       ||     3
Invok: Ancestor Identity |       |     1 |       |       ||     1
       Ancestor Life: Kn |       |       |     1 |       ||     1
Evoke: Wand              |       |       |     1 |     4 ||     5
  Use: Potion            |       |       |       |    11 ||    11
       Scroll            |       |       |       |    14 ||    14
 Stab: Sleeping          |    15 |     6 |     4 |     4 ||    29
       Invisible         |       |       |       |     5 ||     5
       Distracted        |       |       |       |     1 ||     1
  Eat: Chunk             |     1 |     9 |     9 |    12 ||    31
       Ration            |       |       |       |     1 ||     1
Armor: Skin              |     1 |     2 |    13 |    16 ||    32
Dodge: Dodged            |    12 |    17 |    47 |    74 ||   150
Block: Shield            |     6 |     9 |   103 |   144 ||   262
       Reflection        |       |       |     8 |    25 ||    33

Table legend:
 A = Non-vault XP
 B = Vault XP
 C = Vault XP percentage of total XP
 D = Non-vault monster count
 E = Vault monster count
 F = Vault count percentage of total count
                 A         B        C        D         E       F
            +---------+---------+-------+---------+---------+-------
      Total |   19418 |    5756 |  22.9 |     236 |      31 |  11.6
            +---------+---------+-------+---------+---------+-------
        D:1 |      45 |       0 |   0.0 |      28 |       0 |   0.0
        D:2 |      94 |       0 |   0.0 |      16 |       0 |   0.0
        D:3 |     113 |      42 |  27.1 |      24 |       1 |   4.0
        D:4 |     247 |       0 |   0.0 |       4 |       0 |   0.0
        D:5 |     205 |       0 |   0.0 |       7 |       0 |   0.0
        D:6 |    1161 |     809 |  41.1 |      23 |       9 |  28.1
        D:7 |    1269 |    1048 |  45.2 |      25 |      14 |  35.9
        D:8 |    1239 |     215 |  14.8 |      18 |       1 |   5.3
        D:9 |    1614 |     247 |  13.3 |      17 |       1 |   5.6
       D:10 |    2388 |     423 |  15.0 |      19 |       1 |   5.0
       D:11 |    6422 |    1164 |  15.3 |      35 |       2 |   5.4
       D:12 |    2089 |       0 |   0.0 |      14 |       0 |   0.0
       D:13 |    2532 |    1808 |  41.7 |       6 |       2 |  25.0
            +---------+---------+-------+---------+---------+-------
